AoeStats
← bullseyes

Arena

506333185Analyzed
4v4 RM · 19d ago on Sep 13, 2026· 41m 51s· 8 players
Game mode
Random Map
Map size
Large (8 player)
Population
200
Speed
Normal
Resources
Standard
Victory
Conquest
Starting age
Dark Age
Ending age
Imperial Age
RankedLock teamsTeams togetherTeam positionsShared explorationLock speedFull tech treeHidden civsTurbo modeCheats
Victory
Defeat
🇹🇼 Slavs · Taiwan
1478
+24
🇹🇼 Italians · Taiwan
1477
+23
🇨🇳 Franks · China
1477
+24
🇨🇳 Mongols · China
1470
+24
🇨🇦 Khmer · Canada
1776
-28
🇩🇪 Berbers · Germany
1667
-24
🇧🇪 Bohemians · Belgium
1615
-22
🇨🇳 Franks · China
1569
-21
AnTeK
11:12 Feudal Age
14:13 Castle Age
12:11 Double-Bit Axe
12:23 Horse Collar
15:08 Bow Saw
15:14 Heavy Plow
16:44 Wheelbarrow
22:14 Gold Mining
23:08 Stone Mining
26:05 Imperial Age
23:58 Loom
24:30 Hand Cart
24:48 Scale Barding Armor
24:34 Fletching
25:01 Forging
25:28 Bloodlines
25:19 Husbandry
26:19 Stone Shaft Mining
26:11 Chain Barding Armor
25:47 Town Watch
27:46 Elite Battle Elephant
29:33 Plate Barding Armor
30:12 Iron Casting
30:26 Heavy Scorpion
33:20 Blast Furnace
33:28 Crop Rotation
34:18 Conscription
33:50 Light Cavalry
35:15 Ballistics
36:05 Chemistry
36:01 Double Crossbow
37:02 Fletching
37:08 Hussar
38:44 Bodkin Arrow
40:05 Siege Engineers
40:10 Masonry
40:59 Bracer
Hommi
11:19 Feudal Age
15:38 Castle Age
14:00 Double-Bit Axe
13:56 Horse Collar
21:41 Wheelbarrow
23:07 Bow Saw
23:07 Heavy Plow
24:18 Hand Cart
23:57 Gold Mining
28:40 Imperial Age
26:23 Fletching
26:52 Stone Mining
27:40 Ballistics
28:00 Bloodlines
27:51 Husbandry
28:18 Bodkin Arrow
28:24 Padded Archer Armor
28:54 Kasbah
29:17 Thumb Ring
29:57 Gold Shaft Mining
30:08 Bracer
29:37 Elite Camel Archer
31:22 Chemistry
31:56 Conscription
32:20 Leather Archer Armor
32:44 Fortified Wall
33:52 Ring Archer Armor
34:21 Masonry
40:25 Siege Engineers
bullseyes
10:37 Feudal Age
14:15 Castle Age
12:36 Double-Bit Axe
13:10 Horse Collar
15:30 Bow Saw
15:54 Fervor
19:38 Loom
20:49 Wheelbarrow
22:13 Heavy Plow
22:14 Town Watch
23:02 Hand Cart
26:59 Imperial Age
24:43 Fortified Wall
26:30 Chemistry
25:54 Treadmill Crane
26:27 Masonry
27:52 Fletching
28:03 Padded Archer Armor
28:04 Scale Mail Armor
31:43 Bodkin Arrow
32:04 Leather Archer Armor
32:04 Chain Mail Armor
33:25 Conscription
35:08 Two-Man Saw
34:44 Bracer
歪歪老登
10:33 Feudal Age
14:38 Castle Age
14:16 Double-Bit Axe
16:45 Bow Saw
21:28 Wheelbarrow
23:42 Gold Mining
24:48 Hand Cart
26:33 Gold Shaft Mining
29:02 Imperial Age
26:40 Scale Barding Armor
26:35 Scale Mail Armor
26:48 Forging
26:44 Loom
26:44 Town Watch
28:01 Husbandry
28:32 Chain Barding Armor
28:47 Iron Casting
29:16 Cavalier
30:53 Plate Barding Armor
31:42 Blast Furnace
30:55 Paladin
35:11 Conscription
38:49 Caravan
39:57 Light Cavalry
归来仍只会种田
10:22 Feudal Age
11:04 Double-Bit Axe
11:00 Horse Collar
13:56 Loom
16:27 Castle Age
18:02 Bow Saw
18:00 Heavy Plow
19:07 Wheelbarrow
18:34 Stone Mining
25:20 Gold Mining
29:20 Imperial Age
26:59 Fletching
28:13 Bodkin Arrow
28:51 Bloodlines
28:42 Husbandry
29:00 Padded Archer Armor
29:39 Gold Shaft Mining
29:41 Stone Shaft Mining
29:23 Hand Cart
30:25 Conscription
30:07 Bracer
31:08 Chemistry
30:28 Ballistics
31:10 Parthian Tactics
31:04 Leather Archer Armor
31:53 Town Watch
31:40 Elite Mangudai
32:43 Thumb Ring
35:31 Scale Barding Armor
35:37 Forging
35:30 Light Cavalry
35:30 Light Cavalry
37:24 Chain Barding Armor
37:40 Iron Casting
38:54 Hoardings
38:39 Drill
39:51 Blast Furnace
41:27 Masonry
40:59 Hussar
Captain Jack Sparrow
11:28 Feudal Age
13:31 Double-Bit Axe
16:18 Castle Age
14:05 Horse Collar
16:21 Gold Mining
17:25 Bow Saw
22:47 Imperial Age
20:12 Fletching
22:50 Wheelbarrow
22:01 Loom
22:02 Town Watch
22:27 Bodkin Arrow
23:26 Padded Archer Armor
24:52 Chemistry
24:16 Bracer
27:16 Ballistics
27:50 Conscription
32:40 Elite Genoese Crossbowman
39:46 Two-Man Saw
41:06 Hand Cart
40:51 Stone Mining
Benjamin
11:03 Feudal Age
15:02 Castle Age
13:19 Double-Bit Axe
13:55 Horse Collar
16:04 Wheelbarrow
16:04 Bow Saw
16:35 Heavy Plow
19:46 Loom
19:46 Town Watch
22:21 Hand Cart
24:47 Gold Mining
24:47 Stone Mining
28:20 Imperial Age
25:51 Pikeman
26:31 Squires
26:40 Scale Mail Armor
26:51 Forging
28:23 Halberdier
29:19 Chain Mail Armor
29:39 Iron Casting
28:28 Capped Ram
30:15 Herbal Medicine
30:41 Conscription
32:03 Two-Man Saw
32:45 Plate Mail Armor
33:36 Siege Ram
36:00 Blast Furnace
36:48 Siege Engineers
36:57 Scale Barding Armor
37:12 Elite Boyar
38:13 Chain Barding Armor
38:53 Bloodlines
38:43 Husbandry
39:22 Crop Rotation
40:06 Druzhina
40:07 Detinets
40:42 Hoardings
41:29 Plate Barding Armor
41:34 Gold Shaft Mining
姬七兮
10:26 Feudal Age
9:16 Loom
14:14 Castle Age
14:25 Double-Bit Axe
16:50 Bow Saw
22:44 Wheelbarrow
23:42 Gold Mining
27:34 Imperial Age
25:25 Gold Mining
25:58 Scale Barding Armor
26:03 Forging
26:50 Gold Shaft Mining
27:07 Husbandry
27:43 Chain Barding Armor
27:36 Cavalier
29:21 Chemistry
29:54 Plate Barding Armor
30:59 Iron Casting
30:53 Devotion
31:41 Paladin
33:27 Blast Furnace
33:26 Hand Cart
36:19 Light Cavalry
40:44 Conscription
42:17 Fletching
Connection lost

Rejoining the realm…

Still unreachable

The connection could not be restored.

Session expired

The server has moved on; the page needs a fresh start.